Map: Terraform LE (Void)

Players

RedMachine

  • Race: Protoss Protoss
  • League: Silver

Zombie - Winner!

  • Race: Zerg Zerg
  • League: Silver

VOD

Have the link to the VOD?

Description

Double hatch before pool into sloppy 1-1-1 Speedling/Roach/Ravager timing.

Time

  • Played on: Nov. 1, 2015, 12:14 a.m.
  • Length: 9:34
Show
View Real Time Build Order
Export as new Build Order

RedMachine Protoss 

Build Orders: Oracle Opening, Phoenix Opening 

Get SALT Encoding   

  12  0:01  Probe (Chrono Boost)  
  13  0:13  Probe (Chrono Boost)  
  14  0:26  Pylon  
  14  0:29  Probe (Chrono Boost)  
  15  0:44  Probe (Chrono Boost)  
  16  0:50  Gateway  
  16  0:55  Probe (Chrono Boost), Assimilator  
  17  1:05  Probe (Chrono Boost)  
  18  1:16  Probe (Chrono Boost)  
  19  1:20  Pylon  
  19  1:27  Probe (Chrono Boost), Assimilator  
  20  1:37  Probe (Chrono Boost)  
  21  1:40  Cybernetics Core  
  21  1:43  Zealot  
  23  1:48  Probe (Chrono Boost)  
  24  1:58  Probe (Chrono Boost)  
  25  2:04  Gateway  
  25  2:06  Pylon  
  25  2:09  Probe (Chrono Boost)  
  26  2:16  Warp Gate (Chrono Boost)  
  26  2:17  Stargate  
  26  2:19  Probe (Chrono Boost)  
  27  2:31  Probe (Chrono Boost)  
  27  2:32  Sentry  
  31  2:44  Probe (Chrono Boost)  
  31  2:52  Zealot  
  33  2:58  Nexus  
  33  3:04  Mothership Core (Chrono Boost)  
  35  3:16  Oracle (Chrono Boost)  
  38  3:23  Probe  
  38  3:25  Pylon  
  39  3:38  Pylon  
  39  3:43  Probe (Chrono Boost)  
  39  3:45  Gateway  
  40  3:53  Phoenix (Chrono Boost)  
  40  3:55  Probe  
  43  4:07  Probe  
  44  4:19  Probe  
  45  4:31  Probe (Chrono Boost)  
  46  4:42  Probe (Chrono Boost)  
  46  4:44  Phoenix (Chrono Boost)  
  49  4:54  Probe  
  50  5:00  Forge  
  50  5:02  Gateway  
  50  5:06  Sentry x2, Probe  
  55  5:11  Robotics Facility  
  55  5:14  Pylon  
  55  5:18  Probe  
  55  5:19  Pylon  
  56  5:30  Probe, Pylon  
  57  5:42  Probe  
  58  5:48  Protoss Ground Weapons Level 1 (Chrono Boost)  
  58  5:53  Zealot x2  
  58  5:54  Probe  
  63  5:59  Observer  
  64  6:24  Probe  
  62  6:27  Pylon  
  62  6:31  Stalker x3, Robotics Bay  
  68  6:34  Zealot  
  68  6:35  Gateway  
  68  6:37  Assimilator  
  70  6:40  Assimilator  
  70  6:42  Probe, Photon Cannon  
  70  6:46  Photon Cannon  
  71  6:51  Probe  
  72  6:54  Probe  
  73  7:02  Probe  
  73  7:06  Probe  
  75  7:18  Colossus, Probe  
  75  7:22  Stalker x2  
  84  7:23  Zealot  
  87  7:43  Pylon  
  87  7:44  Void Ray (Chrono Boost)  
  87  7:45  Pylon  
  87  7:46  Pylon  
  87  7:48  Pylon  
  88  8:01  Stalker x4  
  71  8:20  Probe, Zealot  
  71  8:21  Probe  
  63  8:39  Probe  
  63  8:40  Probe  
  65  8:44  Pylon  
  65  8:49  Probe  
  65  8:52  Probe  
  73  9:04  Probe  
  78  9:17  Probe  
  78  9:19  Probe  
Show
View Real Time Build Order
Export as new Build Order

Zombie Zerg - Winner!

Build Orders: 3 Hatch before Pool 

Get SALT Encoding   

  12  0:03  Drone  
  13  0:14  Overlord  
  13  0:24  Drone  
  14  0:36  Drone x3  
  17  0:47  Drone  
  18  1:03  Hatchery  
  17  1:20  Hatchery  
  17  1:22  Drone  
  17  1:35  Spawning Pool  
  16  1:40  Drone  
  16  1:41  Drone  
  16  1:44  Drone  
  19  1:51  Overlord  
  19  2:01  Extractor  
  18  2:03  Drone  
  19  2:16  Drone x2  
  21  2:23  Queen x2  
  25  2:31  Queen  
  25  2:35  Drone  
  25  2:37  Drone  
  29  2:41  Extractor  
  28  2:45  Drone x2  
  30  3:10  Drone x2  
  30  3:11  Drone x5  
  30  3:12  Drone  
  38  3:16  Drone  
  39  3:23  Metabolic Boost  
  39  3:37  Evolution Chamber, Drone x3  
  39  3:41  Evolution Chamber  
  40  3:43  Overlord  
  40  3:46  Overlord  
  40  3:50  Overlord  
  40  3:55  Drone x2  
  42  4:06  Roach Warren  
  42  4:08  Zerg Ground Armor Level 1  
  41  4:12  Zerg Missile Weapons Level 1  
  41  4:19  Evolution Chamber  
  38  4:31  Queen x3  
  44  4:43  Spore Crawler  
  43  4:47  Spore Crawler  
  43  4:48  Drone x3  
  43  4:49  Drone x3  
  48  4:54  Zerg Melee Weapons Level 1  
  48  5:08  Lair  
  48  5:23  Roach x5  
  48  5:25  Overlord  
  48  5:26  Overlord x2  
  58  5:31  Extractor  
  57  5:45  Ravager  
  57  5:46  Ravager x2  
  57  5:48  Ravager  
  57  5:49  Overlord  
  61  5:50  Overlord x5  
  61  6:02  Drone x3  
  64  6:04  Drone x2  
  64  6:05  Extractor  
  64  6:08  Glial Reconstitution  
  65  6:13  Drone  
  66  6:24  Ravager  
  67  6:30  Roach  
  67  6:31  Roach x2  
  73  6:34  Roach x2  
  73  6:35  Zergling x8  
  73  6:36  Zergling x12  
  87  6:55  Spore Crawler  
  87  6:58  Ravager x3  
  87  7:00  Roach  
  91  7:15  Roach x4  
  99  7:16  Roach x3  
  99  7:17  Zergling x2  
  99  7:19  Overlord x4  
  106  7:29  Overseer  
  75  8:14  Roach  
  75  8:15  Roach x9  
  75  8:16  Roach x7  
  85  8:46  Roach x3  
  85  8:47  Roach x6  
  103  8:51  Overseer  
  103  8:54  Ravager x3  
  106  9:09  Roach x2  
  112  9:10  Roach, Zergling x2  
  113  9:17  Hatchery  
  113  9:23  Hatchery  
Tags
 
Add a new tag
Caveats
  • Supply blocks, unpowered buildings, or Contaminate may cause inaccurate times.
  • Supply counts are checked every 10 seconds.